Map: Invader LE

Players

Fropez - Winner!

  • Race: Protoss Protoss
  • League: Silver
  • Spawn Location: 7:00

Drewsnutz

  • Race: Protoss Protoss
  • League: Silver
  • Spawn Location: 11:00

VOD

Have the link to the VOD?

Description

Time

  • Played on: May 30, 2016, 9:22 p.m.
  • Length: 6:47
Show
View Real Time Build Order
Export as new Build Order

Fropez Protoss - Winner!

Build Orders:  

Get SALT Encoding   

  12  0:01  Probe (Chrono Boost)  
  13  0:14  Pylon  
  13  0:18  Probe (Chrono Boost)  
  14  0:29  Probe (Chrono Boost)  
  15  0:39  Probe (Chrono Boost)  
  15  0:40  Gateway  
  16  0:50  Probe (Chrono Boost)  
  16  0:54  Assimilator  
  17  1:00  Probe (Chrono Boost)  
  18  1:11  Probe (Chrono Boost)  
  19  1:20  Pylon  
  19  1:21  Probe (Chrono Boost)  
  20  1:32  Probe (Chrono Boost), Cybernetics Core  
  21  1:40  Gateway  
  21  1:42  Probe (Chrono Boost)  
  21  1:44  Assimilator  
  22  1:53  Probe (Chrono Boost)  
  23  2:05  Probe (Chrono Boost)  
  24  2:13  Pylon, Warp Gate (Chrono Boost)  
  24  2:16  Probe (Chrono Boost)  
  24  2:18  Stalker  
  27  2:26  Probe (Chrono Boost)  
  27  2:29  Stalker  
  30  2:35  Pylon  
  31  2:37  Probe (Chrono Boost)  
  31  2:48  Stalker  
  35  2:51  Mothership Core (Chrono Boost)  
  35  2:58  Stalker  
  37  3:10  Probe  
  38  3:18  Pylon  
  38  3:22  Pylon, Probe  
  38  3:23  Stalker  
  41  3:28  Stalker  
  43  3:48  Probe  
  42  3:54  Gateway  
  42  4:01  Twilight Council  
  38  4:34  Stalker x2  
  40  4:38  Nexus  
  40  4:40  Pylon  
  36  5:03  Stalker x3  
  42  5:17  Probe  
  42  5:19  Gateway  
  41  5:50  Stalker x3  
  45  5:58  Probe  
  45  5:59  Pylon  
  44  6:10  Probe  
  42  6:40  Stalker x3  
Show
View Real Time Build Order
Export as new Build Order

Drewsnutz Protoss 

Build Orders:  

Get SALT Encoding   

  12  0:02  Probe (Chrono Boost)  
  13  0:12  Probe (Chrono Boost)  
  14  0:26  Pylon  
  14  0:31  Pylon  
  14  0:33  Probe (Chrono Boost)  
  15  0:46  Pylon, Probe (Chrono Boost)  
  17  0:57  Probe (Chrono Boost)  
  17  1:03  Gateway  
  17  1:07  Probe (Chrono Boost)  
  18  1:18  Assimilator  
  18  1:24  Assimilator  
  18  1:27  Probe (Chrono Boost)  
  19  1:45  Probe (Chrono Boost)  
  19  1:46  Gateway  
  20  1:55  Probe (Chrono Boost)  
  21  2:06  Probe (Chrono Boost)  
  22  2:09  Cybernetics Core  
  22  2:11  Forge  
  22  2:16  Probe (Chrono Boost)  
  22  2:17  Pylon  
  23  2:24  Pylon  
  23  2:32  Probe (Chrono Boost)  
  24  2:50  Mothership Core (Chrono Boost)  
  26  2:57  Twilight Council  
  26  3:05  Pylon  
  26  3:12  Gateway  
  26  3:17  Gateway  
  26  3:21  Pylon  
  26  3:28  Pylon  
  26  3:34  Stargate  
  26  3:52  Adept x2  
  26  3:54  Resonating Glaives (Chrono Boost)  
  30  4:05  Mothership Core  
  26  4:36  Probe  
  27  4:44  Adept  
  29  4:48  Probe  
  26  5:00  Adept x2  
  30  5:12  Mothership Core  
  29  5:18  Adept x2  
  26  5:41  Adept x2  
  28  5:45  Adept  
  27  6:04  Mothership Core (Chrono Boost)  
Tags
 
Matchup
PvP
Replay Pack
All Mines
Spawn Locations
Close Positions
Add a new tag
Caveats
  • Supply blocks, unpowered buildings, or Contaminate may cause inaccurate times.
  • Supply counts are checked every 10 seconds.